 Dungeon Crawl Stone Soup version 0.31.0-32-g396128a36d (webtiles) character file.

Game seed: 8184266279850407667

76 hawla the Firebug (level 4, 0/24 HPs)
             Began as a Deep Elf Fire Elementalist on Mar 26, 2024.
             Killed by divine providence
             ... invoked by an orc priest
              (11 damage)
             ... on level 3 of the Dungeon.
             The game lasted 00:06:43 (1954 turns).

hawla the Firebug (Deep Elf Fire Elementalist)      Turns: 1954, Time: 00:06:44

Health: 0/24       AC:  3    Str:  5    XL:     4   Next: 12%
Magic:  6/10       EV: 12    Int: 22    God:
Gold:   12         SH:  0    Dex: 15    Spells: 6/9 levels left

rFire   . . .        (no weapon)
rCold   . . .        (no shield)
rNeg    . . .        a - +0 robe
rPois   .            (no helmet)
rElec   .            (no cloak)
rCorr   .            (no gloves)
SInv    .            k - +0 pair of boots
Will    .....        (no amulet)
Stlth   ++           (no ring)
HPRegen 0.24/turn    (no ring)
MPRegen 0.12/turn

%: no passive effects
@: no status effects
A: no striking features
a: no special abilities


You were on level 3 of the Dungeon.
You visited 1 branch of the dungeon, and saw 3 of its levels.

You collected 92 gold pieces.
You spent 80 gold pieces at shops.

Inventory:

Armour
 a - a +0 robe (worn)
 k - a +0 pair of boots (worn)
Scrolls
 c - a scroll of teleportation
 d - a scroll of blinking
 h - a scroll of fog
Potions
 e - a potion of brilliance
 f - a potion of heal wounds {unknown}
 g - a potion of haste {unknown}
 i - a potion of curing {unknown}


   Skills:
 - Level 2.4 Dodging
 - Level 2.4 Stealth
 - Level 3.0 Spellcasting
 - Level 1.1 Conjurations
 + Level 5.5 Fire Magic


You had 6 spell levels left.
You knew the following spells:

 Your Spells              Type           Power      Damage    Failure   Level
a - Foxfire               Conj/Fire      68%        2x1d7     3%          1
b - Scorch                Fire           54%        2d7       1%          2

Your spell library contained the following spells:

 Spells                   Type           Power      Damage    Failure   Level
 Inner Flame              Hex/Fire       15%        N/A       12%         3
 Volatile Blastmotes      Fire/Tloc      30%        2d12      12%         3
 Flame Wave               Conj/Fire      17%        2d7       32%         4


Dungeon Overview and Level Annotations

Branches:
Dungeon (3/15)

Altars:

Shops:
D:1 ?


Message History

Casting: Foxfire (safe; 3% risk of failure)
Confirm with . or Enter, or press ? or * to list all spells.
You conjure some foxfire!
The quokka misses you.
The foxfire hits the quokka.
The quokka is moderately wounded.
The foxfire hits the quokka.
You kill the quokka!
An orc priest and an orc come into view.
The orc priest shouts!
The orc shouts!
You hear a shout!
An orc comes into view. It is wielding a +0 whip.
There are monsters nearby!
There are monsters nearby! 2 orcs come into view.
The orc shouts!
The orc priest casts a cantrip, but nothing happens.
The orc moves out of view.
A ball python comes into view.
Found 6 stones.
The orc barely misses you.
Casting: Foxfire (safe; 3% risk of failure)
Confirm with . or Enter, or press ? or * to list all spells.
You conjure some foxfire!
The orc shouts!
You hear an angry hiss.
The orc hits you with a +0 whip.
The foxfire hits the orc.
The orc is heavily wounded.
The orc hits you with a +0 war axe!
Casting: Foxfire (safe; 3% risk of failure)
Confirm with . or Enter, or press ? or * to list all spells.
You conjure some foxfire!
The foxfire hits the orc.
The orc is heavily wounded.
The orc hits you with a +0 whip.
The foxfire hits the orc but does no damage.
Casting: Foxfire (safe; 3% risk of failure)
Confirm with . or Enter, or press ? or * to list all spells.
Flames lash the orc.
You kill the orc!
The foxfire hits the orc but does no damage.
The orc priest mumbles some strange prayers to Beogh against you.
Beogh smites you!
You die...

.............>#
.#####.#<.#..#
#.#..#..#
#.#..#..#
#.#..#..#
#.#..#..#
#.#..#..#
#.#####.#†.....
#......@o..#
#..#..o).....(#
####o#..#..#


So....... ..##.#... .... ....# #### .#..# .. You could see an orc priest, 3 orcs
and a ball python.

Vanquished Creatures
  2 adders (D:2)
  A dart slug (D:1)
  A ribbon worm (D:2)
  An orc (D:3)
  3 endoplasms
  A giant cockroach (D:2)
  8 goblins (D:1)
  2 hobgoblins (D:1)
  2 jackals (D:1)
  6 quokkas
  4 ball pythons
  6 bats
  2 frilled lizards
  8 kobolds
  5 rats
52 creatures vanquished.

Vanquished Creatures (others)
  158 foxfires
158 creatures vanquished.

Grand Total: 210 creatures vanquished

Notes
Turn   | Place    | Note
-------+----------+-------------------------------------------
     0 | D:1      | hawla the Deep Elf Fire Elementalist began the quest for
                  | the Orb.
     0 | D:1      | Reached XP level 1. HP: 10/10 MP: 6/6
   102 | D:1      | Reached skill level 4 in Fire Magic
   102 | D:1      | Reached XP level 2. HP: 15/15 MP: 0/8
   249 | D:1      | Found Jipahiremi's Magic Scroll Boutique.
   284 | D:1      | Bought a scroll of identify for 20 gold pieces
   402 | D:1      | Learned a level 2 spell: Scorch
   815 | D:1      | Reached XP level 3. HP: 15/19 MP: 6/9
   978 | D:1      | Bought a scroll of fog for 40 gold pieces
  1270 | D:2      | Reached skill level 5 in Fire Magic
  1567 | D:2      | Reached XP level 4. HP: 23/24 MP: 7/10
  1850 | D:1      | Bought a scroll of identify for 20 gold pieces
  1954 | D:3      | Killed from afar by an orc priest

Illustrated notes

Levels and vault maps discovered:
D:1:      erik_arrival_blinker_ship, layout_basic, serial_shops,
          nicolae_shop_statue_plus, minmay_unequal
D:2:      layout_basic, minmay_puff
D:3:      layout_basic, ebering_ghost_sewer_d, nrook_uturn, uniq_terence

Skill      XL: |  1  2  3 |
---------------+----------+-----
Fire Magic     | 4 5 |  5.5
Dodging        | |  2.4
Stealth        | |  2.4
Spellcasting   | |  3.0
Conjurations   | |  1.1

Action                     |  1- 3 |  4- 6 || total
---------------------------+-------+-------++-------
  Melee: Unarmed           |    14 |     3 ||    17
   Cast: Foxfire           |    75 |    16 ||    91
         Scorch            |       |     1 ||     1
    Use: Potion            |     1 |       ||     1
         Scroll            |     2 |     3 ||     5
 Armour: Robe              |    11 |     4 ||    15
  Dodge: Dodged            |    21 |     4 ||    25
